General information
- name: BNet
- type: Ladder team game (AT/RT)
- host: Battle.net
- saver: TrumpdaBest
map: DragonFalls
- players: 8
- length: 51:44
- speed: Fast
- version: 1.27 W3XP
- replay type: Public
» download(323 KB)
Players
team 1 (winner)

»
ThunderJohnson (
blue | 27 APM | 1292 actions | 47:06)
7 Far Seer
3 Feral Spirit
3 Chain Lighting
1 Earth Quake
5 Shadow Hunter
3 Hex
2 Healing Wave
» actions
| Basic commands | 55 | |
| Build / train | 110 | |
| Enter build submenu | 18 | |
| Enter hero's abilities submenu | 12 | |
| Give item / drop item | 1 | |
| Remove unit from queue | 2 | |
| Right click | 480 | |
| Select / deselect | 496 | |
| Use ability | 118 | |
1292 total
» units
| Peon | 14 | |
| Grunt | 6 | |
| Raider | 27 | |
| Tauren | 15 | |
62 total
» upgrades
| Berserker Strength | 1 | |
| Ensnare | 1 | |
| Armor | 3 | |
| Pillage | 1 | |
| Melee Weapons | 3 | |
| Pulverize | 1 | |
10 total
» buildings
| Altar of Storms | 2 | |
| Orc Burrow | 8 | |
| Barracks | 1 | |
| Voodoo Lounge | 1 | |
| Stronghold | 1 | |
| Fortress | 1 | |
| Beastiary | 1 | |
| War Mill | 1 | |
| Great Hall | 3 | |
| Tauren Totem | 1 | |
20 total
» build order
00:09 Altar of Storms
00:20 Orc Burrow
00:45 Barracks
01:39 Orc Burrow
01:46 Voodoo Lounge
03:15 Stronghold
03:44 Orc Burrow
05:38 Fortress
05:44 Beastiary
06:39 War Mill
06:42 Orc Burrow
08:20 Great Hall
08:32 Tauren Totem
12:23 Orc Burrow
12:48 Orc Burrow
14:18 Orc Burrow
17:06 Great Hall
21:30 Great Hall
43:38 Altar of Storms
43:42 Orc Burrow
» items
| Healing Salve | 5 | |
| Scroll of Town Portal | 10 | |
| Lesser Clarity Potion | 3 | |
| Scroll of Regeneration | 1 | |
19 total

»
omegahawk_2 (
yellow | 52 APM | 2544 actions | 48:42)
5 Goblin Alchemist
3 Chemical Rage
2 Healing Spray
» actions
| Assign group hotkey | 109 | |
| Basic commands | 14 | |
| Build / train | 82 | |
| ESC pressed | 7 | |
| Enter build submenu | 35 | |
| Enter hero's abilities submenu | 5 | |
| Give item / drop item | 1 | |
| Right click | 1266 | |
| Select / deselect | 338 | |
| Select group hotkey | 589 | |
| Use ability | 98 | |
2544 total
» units
| Acolyte | 39 | |
| Ghoul | 10 | |
| Gargoyle | 4 | |
53 total
» upgrades
| Creature Attack | 1 | |
| Creature Carapace | 1 | |
| Ghoul Frenzy | 1 | |
| Unholy Strength | 1 | |
| Unholy Armor | 1 | |
5 total
» buildings
| Halls of the Dead | 3 | |
| Crypt | 6 | |
| Ziggurat | 11 | |
| Graveyard | 1 | |
| Altar of Darkness | 1 | |
| Necropolis | 2 | |
| Sacrificial Pit | 3 | |
| Spirit Tower | 3 | |
| Tomb of Relics | 1 | |
| Black Citadel | 1 | |
| Boneyard | 1 | |
| Slaughterhouse | 1 | |
34 total
» build order
03:17 Halls of the Dead
03:17 Halls of the Dead
03:46 Crypt
03:49 Ziggurat
03:55 Graveyard
04:08 Altar of Darkness
04:32 Ziggurat
05:10 Necropolis
06:13 Sacrificial Pit
06:22 Sacrificial Pit
06:45 Sacrificial Pit
07:10 Ziggurat
07:12 Ziggurat
11:04 Spirit Tower
11:08 Ziggurat
11:09 Ziggurat
11:47 Tomb of Relics
11:51 Black Citadel
13:36 Ziggurat
13:37 Ziggurat
13:40 Ziggurat
20:23 Ziggurat
20:25 Ziggurat
24:17 Boneyard
24:23 Crypt
24:30 Crypt
24:31 Crypt
28:22 Necropolis
31:36 Spirit Tower
31:37 Spirit Tower
42:41 Slaughterhouse
42:45 Crypt
42:47 Crypt
» items
| Boots of Speed | 1 | |
| Staff of Teleportation | 1 | |
| Potion of Lesser Invulnerability | 1 | |
| Scroll of Regeneration | 1 | |
| Scroll of Town Portal | 2 | |
| Orb of Fire | 1 | |
| Potion of Healing | 2 | |
| Orb of Corruption | 2 | |
11 total
AmericanSpirit (
purple | 59 APM | 3042 actions | 51:44)
8 Archmage
3 Summon Water Elemental
3 Brilliance Aura
1 Mass Teleport
1 Blizzard
3 Mountain King
2 Storm Bolt
1 Bash
» actions
| Assign group hotkey | 85 | |
| Basic commands | 42 | |
| Build / train | 120 | |
| Enter build submenu | 76 | |
| Enter hero's abilities submenu | 11 | |
| Give item / drop item | 6 | |
| Remove unit from queue | 1 | |
| Right click | 1139 | |
| Select / deselect | 464 | |
| Select group hotkey | 847 | |
| Use ability | 250 | |
3042 total
» units
| Peasant | 16 | |
| Footman | 4 | |
| Goblin Shredder | 2 | |
| Goblin Zeppelin | 1 | |
| Gryphon Rider | 9 | |
| Dragonhawk Rider | 1 | |
| Green Dragon | 3 | |
36 total
» upgrades
| Masonry | 3 | |
| Storm Hammers | 1 | |
| Animal War Training | 1 | |
| Swords | 3 | |
| Armor | 3 | |
| Cloud | 1 | |
| Magic Sentry | 1 | |
13 total
» buildings
| Altar of Kings | 1 | |
| Barracks | 1 | |
| Farm | 8 | |
| Scout Tower | 88 | |
| Arcane Tower | 1 | |
| Keep | 1 | |
| Town Hall | 6 | |
| Lumber Mill | 1 | |
| Arcane Vault | 5 | |
| Guard Tower | 20 | |
| Castle | 1 | |
| Gryphon Aviary | 4 | |
| Blacksmith | 2 | |
| Arcane Sanctum | 1 | |
140 total
» build order
00:36 Altar of Kings
00:37 Barracks
00:52 Farm
00:59 Farm
01:04 Farm
01:36 Farm
02:30 Scout Tower
03:10 Arcane Tower
04:00 Keep
04:15 Town Hall
04:40 Lumber Mill
05:05 Arcane Vault
05:13 Scout Tower
05:14 Scout Tower
05:17 Scout Tower
05:20 Scout Tower
05:21 Scout Tower
06:39 Guard Tower
08:13 Castle
09:42 Gryphon Aviary
09:43 Gryphon Aviary
09:44 Gryphon Aviary
09:45 Gryphon Aviary
09:48 Blacksmith
09:49 Blacksmith
09:53 Farm
11:41 Farm
11:42 Farm
11:42 Farm
20:28 Town Hall
20:30 Town Hall
20:44 Scout Tower
20:45 Scout Tower
20:50 Scout Tower
20:51 Scout Tower
20:53 Scout Tower
20:54 Scout Tower
20:56 Scout Tower
20:57 Scout Tower
20:59 Scout Tower
21:04 Scout Tower
21:07 Scout Tower
21:10 Scout Tower
21:11 Scout Tower
21:15 Arcane Vault
21:43 Guard Tower
22:37 Guard Tower
26:19 Town Hall
26:41 Scout Tower
26:42 Scout Tower
26:43 Scout Tower
26:43 Scout Tower
26:44 Scout Tower
26:45 Scout Tower
26:45 Scout Tower
26:46 Scout Tower
26:49 Arcane Vault
27:13 Guard Tower
27:46 Guard Tower
28:25 Scout Tower
28:26 Scout Tower
28:28 Scout Tower
28:29 Scout Tower
28:30 Scout Tower
28:30 Scout Tower
28:31 Scout Tower
28:32 Scout Tower
28:34 Scout Tower
28:35 Scout Tower
28:35 Scout Tower
28:36 Scout Tower
28:38 Scout Tower
28:39 Scout Tower
28:39 Scout Tower
28:40 Scout Tower
28:41 Scout Tower
28:42 Scout Tower
28:43 Scout Tower
28:43 Scout Tower
28:44 Scout Tower
28:45 Scout Tower
28:46 Scout Tower
28:46 Scout Tower
28:50 Scout Tower
28:51 Scout Tower
28:51 Scout Tower
28:53 Scout Tower
28:54 Scout Tower
28:55 Scout Tower
28:56 Scout Tower
30:42 Guard Tower
30:44 Guard Tower
32:07 Guard Tower
33:06 Scout Tower
33:07 Scout Tower
33:10 Town Hall
33:14 Scout Tower
33:14 Scout Tower
33:15 Scout Tower
33:16 Scout Tower
33:18 Scout Tower
33:19 Scout Tower
33:20 Scout Tower
33:21 Scout Tower
33:21 Scout Tower
33:22 Scout Tower
33:23 Scout Tower
33:24 Scout Tower
33:24 Scout Tower
33:28 Arcane Vault
33:44 Guard Tower
33:55 Guard Tower
33:58 Guard Tower
34:02 Guard Tower
34:36 Guard Tower
34:55 Guard Tower
34:59 Guard Tower
36:31 Town Hall
37:26 Arcane Vault
37:30 Scout Tower
37:31 Scout Tower
37:32 Scout Tower
37:33 Scout Tower
37:36 Scout Tower
37:37 Scout Tower
37:38 Scout Tower
37:40 Scout Tower
37:41 Scout Tower
37:43 Scout Tower
37:44 Scout Tower
37:44 Scout Tower
39:00 Guard Tower
39:03 Guard Tower
39:17 Guard Tower
40:02 Arcane Sanctum
40:10 Guard Tower
40:46 Scout Tower
40:47 Scout Tower
40:48 Scout Tower
41:19 Guard Tower
» items
| Scroll of Regeneration | 6 | |
| Mechanical Critter | 4 | |
| Scroll of Town Portal | 5 | |
| Potion of Healing | 6 | |
| Lesser Clarity Potion | 1 | |
| Boots of Speed | 2 | |
| Periapt of Vitality | 3 | |
| Potion of Lesser Invulnerability | 3 | |
| Potion of Mana | 1 | |
| Staff of Teleportation | 1 | |
| Circlet of Nobility | 1 | |
| Staff of Sanctuary | 1 | |
34 total
nigs.are.ugly (
orange | 39 APM | 1880 actions | 48:48)
4 Archmage
2 Summon Water Elemental
1 Brilliance Aura
1 Blizzard
» actions
| Assign group hotkey | 22 | |
| Basic commands | 4 | |
| Build / train | 140 | |
| ESC pressed | 18 | |
| Enter build submenu | 26 | |
| Enter hero's abilities submenu | 4 | |
| Give item / drop item | 3 | |
| Remove unit from queue | 3 | |
| Right click | 702 | |
| Select / deselect | 412 | |
| Select group hotkey | 448 | |
| Use ability | 98 | |
1880 total
» units
| Peasant | 26 | |
| Flying Machine | 65 | |
| Mortar Team | 3 | |
94 total
» upgrades
| Masonry | 1 | |
| Gunpowder | 3 | |
| Lumber Harvesting | 1 | |
| Flak Cannons | 1 | |
| Flying Machine Bombs | 1 | |
| Plating | 2 | |
9 total
» buildings
| Altar of Kings | 1 | |
| Farm | 12 | |
| Lumber Mill | 1 | |
| Scout Tower | 6 | |
| Arcane Tower | 6 | |
| Guard Tower | 6 | |
| Town Hall | 3 | |
| Keep | 2 | |
| Blacksmith | 2 | |
| Workshop | 4 | |
| Castle | 4 | |
| Arcane Vault | 1 | |
48 total
» build order
00:32 Altar of Kings
00:39 Farm
01:01 Lumber Mill
01:13 Farm
01:17 Scout Tower
01:43 Scout Tower
02:02 Arcane Tower
02:05 Scout Tower
02:17 Arcane Tower
02:17 Arcane Tower
02:17 Arcane Tower
02:17 Arcane Tower
02:32 Guard Tower
02:32 Guard Tower
03:05 Farm
03:42 Farm
04:10 Town Hall
04:17 Scout Tower
04:59 Arcane Tower
05:44 Keep
05:54 Scout Tower
06:06 Farm
06:06 Farm
06:07 Farm
06:11 Blacksmith
06:13 Blacksmith
06:27 Scout Tower
07:02 Guard Tower
07:02 Guard Tower
07:06 Guard Tower
08:06 Workshop
08:07 Workshop
08:08 Workshop
08:08 Workshop
08:20 Castle
08:20 Castle
08:20 Castle
09:09 Farm
09:10 Farm
09:10 Farm
09:11 Farm
10:37 Arcane Vault
13:03 Farm
17:18 Town Hall
22:26 Town Hall
28:51 Keep
» items
| Potion of Healing | 3 | |
| Scroll of Regeneration | 1 | |
4 total
team 2 (loser)

»
Hof (
red | 59 APM | 1190 actions | 20:00)
4 Warden
2 Shadow Strike
1 Blink
1 Fan of Knives
3 Keeper of the Grove
1 Entangling Roots
2 Thorns Aura
» actions
| Assign group hotkey | 30 | |
| Build / train | 76 | |
| Enter build submenu | 19 | |
| Enter hero's abilities submenu | 7 | |
| Give item / drop item | 3 | |
| Remove unit from queue | 3 | |
| Right click | 494 | |
| Select / deselect | 213 | |
| Select group hotkey | 284 | |
| Use ability | 61 | |
1190 total
» units
| Wisp | 18 | |
| Archer | 13 | |
| Hippogryph | 6 | |
| Druid of the Talon | 1 | |
38 total
» upgrades
| Strength of the Moon | 1 | |
| Ultravision | 1 | |
| Improved Bows | 1 | |
| Hippogryph Taming | 1 | |
| Marksmanship | 1 | |
| Moon Armor | 1 | |
| Druid of the Talon Training | 2 | |
| Nature's Blessing | 1 | |
| Mark of the Talon | 1 | |
| Strength of the Wild | 1 | |
11 total
» buildings
| Altar of Elders | 1 | |
| Moon Well | 6 | |
| Ancient of War | 1 | |
| Ancient of Wonders | 1 | |
| Hunter's Hall | 1 | |
| Tree of Ages | 1 | |
| Tree of Life | 4 | |
| Ancient of Wind | 3 | |
| Tree of Eternity | 1 | |
19 total
» build order
00:16 Altar of Elders
00:25 Moon Well
00:38 Ancient of War
01:15 Ancient of Wonders
01:53 Moon Well
02:45 Hunter's Hall
03:50 Tree of Ages
04:14 Moon Well
05:34 Tree of Life
05:42 Tree of Life
06:14 Ancient of Wind
07:34 Tree of Eternity
08:56 Ancient of Wind
09:01 Ancient of Wind
09:55 Moon Well
10:15 Moon Well
12:39 Moon Well
15:24 Tree of Life
15:33 Tree of Life
» items
| Lesser Clarity Potion | 1 | |
| Dust of Appearance | 1 | |
| Orb of Venom | 2 | |
| Scroll of Town Portal | 2 | |
| Staff of Sanctuary | 1 | |
| Potion of Healing | 1 | |
| Healing Salve | 1 | |
| Staff of Teleportation | 1 | |
10 total
MyC0CKYourASS (
teal | 56 APM | 2826 actions | 50:19)
6 Blademaster
3 Wind Walk
2 Critical Strike
1 Bladestorm
5 Shadow Hunter
3 Healing Wave
2 Hex
5 Tauren Chieftain
2 Shockwave
3 Endurance Aura
2 Warden
2 Fan of Knives
» actions
| Assign group hotkey | 39 | |
| Basic commands | 166 | |
| Build / train | 60 | |
| Enter build submenu | 31 | |
| Enter hero's abilities submenu | 19 | |
| Give item / drop item | 7 | |
| Remove unit from queue | 2 | |
| Right click | 1400 | |
| Select / deselect | 579 | |
| Select group hotkey | 298 | |
| Use ability | 225 | |
2826 total
» units
| Peon | 9 | |
| Troll Witch Doctor | 3 | |
| Thunder Lizard | 2 | |
| Furbolg Shaman | 1 | |
15 total
» upgrades
| Spiked Barricades | 1 | |
| Witch Doctor Training | 2 | |
| Reinforced Defenses | 1 | |
4 total
» buildings
| Altar of Storms | 1 | |
| Orc Burrow | 7 | |
| War Mill | 2 | |
| Voodoo Lounge | 2 | |
| Stronghold | 3 | |
| Fortress | 1 | |
| Spirit Lodge | 1 | |
| Watch Tower | 10 | |
| Great Hall | 10 | |
37 total
» build order
00:12 Altar of Storms
00:16 Orc Burrow
00:51 War Mill
01:21 Voodoo Lounge
01:45 Orc Burrow
02:38 Stronghold
03:29 Orc Burrow
04:18 Voodoo Lounge
04:33 Orc Burrow
05:11 Fortress
05:39 Spirit Lodge
06:49 Watch Tower
06:50 Watch Tower
06:51 Watch Tower
09:51 Great Hall
12:08 Great Hall
12:12 Watch Tower
12:13 Watch Tower
12:28 Great Hall
14:09 Watch Tower
14:10 Watch Tower
14:14 Watch Tower
15:51 Great Hall
16:07 Great Hall
19:56 Great Hall
21:15 Great Hall
25:37 War Mill
26:02 Stronghold
26:06 Watch Tower
26:07 Watch Tower
30:13 Great Hall
34:37 Stronghold
34:42 Orc Burrow
37:23 Great Hall
41:05 Great Hall
44:16 Orc Burrow
45:27 Orc Burrow
» items
| Healing Salve | 3 | |
| Lesser Clarity Potion | 2 | |
| Boots of Speed | 1 | |
| Circlet of Nobility | 1 | |
| Scroll of Town Portal | 3 | |
| Scroll of Protection | 1 | |
| Orb of Lightning | 3 | |
14 total
TrumpdaBest (
green | 113 APM | 5858 actions | 51:44)
10 Archmage
3 Summon Water Elemental
3 Brilliance Aura
1 Mass Teleport
3 Blizzard
» actions
| Assign group hotkey | 162 | |
| Basic commands | 222 | |
| Build / train | 270 | |
| ESC pressed | 6 | |
| Enter build submenu | 61 | |
| Enter hero's abilities submenu | 10 | |
| Give item / drop item | 8 | |
| Remove unit from queue | 1 | |
| Right click | 2519 | |
| Select / deselect | 659 | |
| Select group hotkey | 1500 | |
| Use ability | 440 | |
5858 total
» units
| Peasant | 22 | |
| Footman | 9 | |
| Goblin Shredder | 6 | |
| Goblin Zeppelin | 6 | |
| Gryphon Rider | 10 | |
| Siege Engine | 7 | |
60 total
» upgrades
| Masonry | 3 | |
| Animal War Training | 1 | |
| Swords | 3 | |
| Storm Hammers | 1 | |
| Lumber Harvesting | 1 | |
| Gunpowder | 3 | |
| Barrage | 1 | |
| Plating | 3 | |
| Armor | 3 | |
19 total
» buildings
| Barracks | 1 | |
| Altar of Kings | 1 | |
| Farm | 10 | |
| Arcane Vault | 1 | |
| Lumber Mill | 2 | |
| Keep | 5 | |
| Town Hall | 2 | |
| Scout Tower | 36 | |
| Castle | 5 | |
| Arcane Tower | 18 | |
| Gryphon Aviary | 2 | |
| Blacksmith | 1 | |
| Guard Tower | 82 | |
| Workshop | 3 | |
| Cannon Tower | 13 | |
182 total
» build order
00:35 Barracks
00:38 Altar of Kings
00:52 Farm
01:09 Farm
01:41 Farm
01:56 Farm
02:17 Arcane Vault
03:11 Lumber Mill
03:57 Keep
03:57 Keep
03:57 Keep
04:21 Town Hall
05:52 Scout Tower
06:41 Castle
06:41 Castle
06:41 Castle
08:49 Arcane Tower
08:50 Arcane Tower
08:50 Arcane Tower
08:55 Scout Tower
08:55 Scout Tower
10:33 Gryphon Aviary
10:35 Gryphon Aviary
10:39 Blacksmith
10:41 Guard Tower
10:41 Guard Tower
10:42 Guard Tower
10:42 Guard Tower
12:05 Scout Tower
12:07 Scout Tower
12:09 Scout Tower
12:10 Scout Tower
12:11 Scout Tower
12:13 Scout Tower
12:15 Scout Tower
12:33 Scout Tower
12:34 Scout Tower
12:41 Scout Tower
13:10 Farm
13:15 Guard Tower
13:15 Guard Tower
13:15 Guard Tower
13:16 Guard Tower
13:16 Guard Tower
13:16 Guard Tower
13:16 Guard Tower
13:17 Guard Tower
13:17 Guard Tower
13:17 Guard Tower
13:17 Guard Tower
13:29 Arcane Tower
13:30 Arcane Tower
13:30 Arcane Tower
13:31 Arcane Tower
13:49 Guard Tower
13:49 Guard Tower
13:49 Guard Tower
13:49 Guard Tower
13:51 Scout Tower
14:08 Guard Tower
14:08 Guard Tower
14:08 Guard Tower
14:26 Guard Tower
14:27 Guard Tower
14:31 Guard Tower
14:31 Guard Tower
14:32 Guard Tower
14:37 Scout Tower
14:44 Farm
15:05 Scout Tower
15:06 Scout Tower
15:07 Scout Tower
15:09 Scout Tower
15:10 Scout Tower
15:12 Guard Tower
15:12 Guard Tower
15:12 Guard Tower
15:13 Guard Tower
15:51 Workshop
15:52 Workshop
16:27 Guard Tower
16:27 Guard Tower
16:27 Guard Tower
17:32 Guard Tower
18:02 Farm
18:03 Farm
18:04 Farm
18:09 Workshop
23:29 Farm
23:33 Town Hall
23:35 Scout Tower
23:35 Scout Tower
23:37 Scout Tower
23:38 Scout Tower
23:39 Scout Tower
23:40 Scout Tower
23:41 Scout Tower
23:42 Scout Tower
23:43 Scout Tower
23:45 Scout Tower
24:03 Guard Tower
24:03 Guard Tower
24:04 Guard Tower
24:10 Guard Tower
24:10 Guard Tower
24:10 Guard Tower
24:35 Guard Tower
24:35 Guard Tower
24:35 Guard Tower
24:37 Cannon Tower
24:38 Cannon Tower
24:38 Cannon Tower
24:40 Cannon Tower
24:40 Cannon Tower
24:41 Cannon Tower
24:41 Cannon Tower
25:27 Guard Tower
25:27 Guard Tower
25:27 Guard Tower
25:28 Guard Tower
25:28 Guard Tower
33:47 Scout Tower
33:48 Scout Tower
33:49 Scout Tower
34:16 Guard Tower
34:16 Guard Tower
34:17 Guard Tower
34:20 Cannon Tower
34:26 Guard Tower
34:26 Guard Tower
34:27 Guard Tower
34:27 Guard Tower
39:19 Scout Tower
39:22 Scout Tower
39:27 Scout Tower
39:54 Guard Tower
39:54 Guard Tower
39:55 Arcane Tower
39:55 Arcane Tower
39:55 Arcane Tower
39:56 Arcane Tower
39:56 Arcane Tower
39:56 Arcane Tower
39:56 Arcane Tower
39:57 Arcane Tower
49:56 Lumber Mill
» items
| Scroll of Regeneration | 10 | |
| Periapt of Vitality | 1 | |
| Staff of Teleportation | 1 | |
| Mechanical Critter | 8 | |
| Healing Salve | 1 | |
| Scroll of Town Portal | 4 | |
| Staff of Sanctuary | 1 | |
| Potion of Healing | 1 | |
27 total
UAB3 (
pink | 22 APM | 1109 actions | 50:16)
2 Blademaster
1 Mirror Image
1 Critical Strike
» actions
| Build / train | 56 | |
| Enter build submenu | 32 | |
| Enter hero's abilities submenu | 3 | |
| Right click | 630 | |
| Select / deselect | 304 | |
| Use ability | 84 | |
1109 total
» units
| Peon | 21 | |
| Troll Headhunter/Berserker | 16 | |
| Demolisher | 6 | |
| Grunt | 1 | |
44 total
» upgrades
| Spiked Barricades | 1 | |
| Ranged Weapons | 2 | |
| Armor | 1 | |
| Troll Regeneration | 1 | |
5 total
» buildings
| Orc Burrow | 11 | |
| War Mill | 2 | |
| Altar of Storms | 3 | |
| Watch Tower | 9 | |
| Voodoo Lounge | 1 | |
| Stronghold | 1 | |
| Barracks | 2 | |
| Great Hall | 1 | |
30 total
» build order
00:25 Orc Burrow
00:42 War Mill
01:22 Altar of Storms
02:03 Watch Tower
02:23 Watch Tower
02:44 Orc Burrow
03:10 Watch Tower
03:28 Watch Tower
03:48 Watch Tower
04:50 Watch Tower
04:58 Voodoo Lounge
05:45 Stronghold
05:56 Orc Burrow
06:03 Barracks
06:10 Barracks
07:02 Orc Burrow
07:24 Great Hall
07:40 Watch Tower
07:58 Orc Burrow
08:39 War Mill
08:56 Watch Tower
09:31 Orc Burrow
12:50 Watch Tower
13:55 Orc Burrow
13:59 Orc Burrow
15:25 Orc Burrow
15:28 Orc Burrow
16:38 Orc Burrow
16:57 Altar of Storms
20:47 Altar of Storms
» items
| Lesser Clarity Potion | 2 | |
| Potion of Healing | 1 | |
3 total
Chat log
(01:30 / All) nigs.are.ugly: niggas smells like shit
(01:48 / All) Hof: yea so blind people can hate them
(01:53 / All) nigs.are.ugly: xD
(02:00 / All) nigs.are.ugly: u racist bro
(02:05 / All) Hof: of course
(02:10 / All) AmericanSpirit: why do niggers cry during sex
(02:16 / All) AmericanSpirit: it's the mace
(02:17 / All) MyC0CKYourASS: LOL
(02:32 / All) TrumpdaBest: LOL
(02:46 / All) AmericanSpirit: bad boy
(03:06 / All) AmericanSpirit: somehow I had formation on
(03:50 / Allies) TrumpdaBest: I don't need your help creeping
(03:56 / Allies) MyC0CKYourASS: ok
(03:59 / Allies) MyC0CKYourASS: i solo now
(05:22 / Allies) TrumpdaBest: want slippers of agi +3?
(05:25 / Allies) MyC0CKYourASS: y
(05:26 / Allies) MyC0CKYourASS: ye
(11:40 / Allies) TrumpdaBest: ty
(13:58 / Allies) TrumpdaBest: nice
(14:00 / Allies) TrumpdaBest: got his expo and saved mine
(16:23 / All) omegahawk_2: gg
(16:29 / Allies) TrumpdaBest: wood me?
(16:39 / Allies) TrumpdaBest: ty
(18:13 / All) nigs.are.ugly: nigger tactics
(19:02 / All) AmericanSpirit: dingus
(20:00 / All) nigs.are.ugly: nigga you like socialism
(20:04 / All) TrumpdaBest: yeh trump is socialist go vote for sanders or clinton instead
(20:15 / All) TrumpdaBest: nice peasants on that mine btw
(20:17 / All) AmericanSpirit: VOTE FOR CRUZ THE "TRUE CONSERVATIVE"
(20:18 / All) AmericanSpirit: LOL
(20:19 / All) TrumpdaBest: I'll fix that problem for you
(21:12 / All) TrumpdaBest: lawl
(21:20 / All) TrumpdaBest: tried to mass tp and shift queued my units to follow my am so they're all grouped
(21:24 / All) TrumpdaBest: and zepp picked it up and canceled it
(21:30 / All) nigs.are.ugly: noob
(21:37 / All) TrumpdaBest: you talkin to me orange?
(21:40 / All) TrumpdaBest: YOU TALKIN TO ME?
(21:44 / All) TrumpdaBest: cuz I don't know who else you'd be talking to
(21:49 / All) nigs.are.ugly: no im talking to ur mom nigga
(21:54 / All) AmericanSpirit: U TALKIN TO ME?
(21:58 / All) AmericanSpirit: U TALKIN TO ME?
(22:03 / All) AmericanSpirit: IM THE ONLY ONE HERE SO U MUST BE TALKIN TO ME
(22:20 / All) AmericanSpirit: DREAM OF LEVEL 6
(22:24 / All) AmericanSpirit: DREAM OF MASS TP
(23:18 / All) AmericanSpirit: Yellow has an advanced and extensive spy netowrk
(23:26 / All) omegahawk_2: teal is mad about that
(23:36 / All) AmericanSpirit: COME GET SOME
(23:38 / All) AmericanSpirit: MOTHERFUCKERS
(23:44 / All) AmericanSpirit: COME FITE
(23:47 / All) AmericanSpirit: PUSSIES
(24:21 / All) AmericanSpirit: WHAT A ROTTEN TRICK
(24:53 / All) TrumpdaBest: go away retard blue
(25:00 / All) TrumpdaBest: I'll fucking roll your whole base
(25:36 / All) TrumpdaBest: YOU TALKIN TO ME ORANGE?
(27:18 / All) AmericanSpirit: Yeah
(27:20 / All) AmericanSpirit: That's right
(27:23 / All) AmericanSpirit: You better run
(28:47 / Allies) TrumpdaBest: omw in a sec
(28:50 / Allies) TrumpdaBest: making last tanks
(29:36 / All) TrumpdaBest: YOU TALKIN TO ME?
(30:56 / Allies) MyC0CKYourASS: ya
(32:44 / All) AmericanSpirit: god this pathfinding is horrible lol
(32:49 / All) AmericanSpirit: did you see my peasants
(32:57 / All) AmericanSpirit: they were on a path far from there
(33:03 / All) AmericanSpirit: they stopped and stood next to the peons
(33:20 / All) TrumpdaBest: nice, you almost got it blue
(33:21 / All) TrumpdaBest: too bad
(33:25 / All) nigs.are.ugly: xD
(33:29 / All) TrumpdaBest: that unit combination wasn't working for you since the start of the game btw
(33:32 / All) TrumpdaBest: and it certainly won't now
(34:11 / Allies) MyC0CKYourASS: tp doggy
(34:31 / All) AmericanSpirit: Fook OFF MATE
(34:45 / All) TrumpdaBest: do you like your base blue?
(34:47 / All) TrumpdaBest: I'm gonna roll it
(34:52 / All) TrumpdaBest: enjoy it while you got it
(35:03 / All) AmericanSpirit: big mistake
(35:54 / All) nigs.are.ugly: shoot him with your tanks bro
(35:54 / All) AmericanSpirit: wish I had mk
(38:20 / All) nigs.are.ugly: i pwned 2 guys at the start and suddenly im spectator xd
(38:28 / All) TrumpdaBest: you suck
(38:29 / All) TrumpdaBest: Eat shit
(38:48 / All) nigs.are.ugly: purp is gonna get 3 dragons
(39:43 / Allies) UAB3: repair your tanks
(39:51 / Allies) TrumpdaBest: I'm good
(45:27 / All) nigs.are.ugly: lol
(45:32 / All) nigs.are.ugly: 3 big dragons
(46:48 / All) omegahawk_2: why dont u 2 kill everyone then build 2 farms side by side
(46:52 / All) omegahawk_2: and let someone wait it out
(46:55 / All) TrumpdaBest: we do that a lot
(47:03 / All) TrumpdaBest: mexican standoffs are cool
(47:05 / All) omegahawk_2: well its the perfect game for it
(47:17 / All) TrumpdaBest: would you leave your PC on all day for the win?
(47:32 / All) omegahawk_2: some people do
(47:38 / All) omegahawk_2: the win is important
(47:45 / All) nigs.are.ugly: wtf
(47:55 / All) nigs.are.ugly: dont tk dude
(48:00 / All) nigs.are.ugly: fair game xD
(48:02 / All) omegahawk_2: kill kill kill
(48:03 / All) omegahawk_2: tp on him
(48:08 / All) TrumpdaBest: yeah
(48:10 / All) TrumpdaBest: I know
(48:11 / All) TrumpdaBest: yellow
(48:22 / All) AmericanSpirit: U CAN RUN BUT U CANT HIDE
(48:26 / All) AmericanSpirit: FROM THE LONG ARM OF THE LAW
(48:40 / All) TrumpdaBest: standoff?
(48:44 / All) AmericanSpirit: Yeh
(48:51 / All) AmericanSpirit: nah
(48:52 / All) AmericanSpirit: lol
(48:57 / All) TrumpdaBest: bad luck for my team
(49:01 / All) TrumpdaBest: Teal, pink you lose
(49:04 / All) TrumpdaBest: me and purp were in this together
(50:24 / All) TrumpdaBest: nice
(50:29 / All) AmericanSpirit: stats
(50:31 / All) TrumpdaBest: Who loses? I don't care much about my team
(50:32 / All) TrumpdaBest: k
(50:37 / All) TrumpdaBest: 19-11 red
(50:37 / All) AmericanSpirit: orange is 4-14 LOL
(50:50 / All) TrumpdaBest: Teal we played before but I don't remember him just the name
(50:51 / All) TrumpdaBest: 33-28
(50:52 / All) AmericanSpirit: 19-11 lose best rec I guess
(50:56 / All) TrumpdaBest: pink 42-55
(51:04 / All) AmericanSpirit: 4-14
(51:06 / All) AmericanSpirit: what a noob
(51:10 / All) AmericanSpirit: you can afk and get that rec
(51:13 / All) TrumpdaBest: lawl
(51:25 / All) AmericanSpirit: you can afk and get better rec actually
(51:34 / All) AmericanSpirit: I say 19-11 lose